 Dungeon Crawl Stone Soup version 0.23.2-40-g277498a (webtiles) character file.

Game seed: 3779714906891565690

4596 Fang the Fighter (level 10, -1/97 HPs)
             Began as a Gargoyle Berserker on Oct 15, 2019.
             Was an Elder of Trog.
             Slain by Harold
             ... wielding a +0 war axe
              (16 damage)
             ... on level 8 of the Dungeon.
             The game lasted 00:08:35 (8792 turns).

Fang the Fighter (Gargoyle Berserker)               Turns: 8792, Time: 00:08:35

Health: -1/97      AC:  0    Str: 29    XL:     10   Next: 41%
Magic:  10/10      EV: 17    Int:  8    God:    Trog [****..]
Gold:   341        SH:  0    Dex:  9    Spells: 9/9 levels left

rFire    . . .     SeeInvis .   (weapon currently unavailable)
rCold    . . .     Gourm    .   (shield currently unavailable)
rNeg     + . .     Faith    .   (armour currently unavailable)
rPois    ∞         Spirit   .   (helmet currently unavailable)
rElec    .         Reflect  .   (cloak currently unavailable)
rCorr    .         Harm     .   (gloves currently unavailable)
MR       .....                  (boots currently unavailable)
Stlth    ..........             (no amulet)
HPRegen  0.26/turn              (ring currently unavailable)
MPRegen  0.12/turn              (ring currently unavailable)

@: berserking, pig-form, very quick
A: small, negative energy resistance 1, petrification resistance, rot immunity,
AC +7
a: Berserk, Trog's Hand, Brothers in Arms, Renounce Religion


You were on level 8 of the Dungeon.
You worshipped Trog.
Trog was greatly pleased with you.
You were hungry.
You were a filthy swine.
You visited 2 branches of the dungeon, and saw 9 of its levels.

You collected 341 gold pieces.

Inventory:

Hand Weapons
 a - a +1 war axe
 i - a +1 war axe of electrocution (melded)
Armour
 b - a +3 plate armour (melded)
Jewellery
 f - a ring of flight (melded)
 l - an uncursed ring of poison resistance {unknown}
Wands
 d - a wand of clouds (7)
 t - a wand of flame (28)
Scrolls
 g - a scroll of teleportation
 k - a scroll of blinking
 n - a scroll of fear
 o - 4 scrolls of remove curse
 p - a scroll of magic mapping
Potions
 e - 2 potions of might
 j - a potion of berserk rage
 m - 6 potions of curing
 r - a potion of haste
 s - 2 potions of agility
 w - 6 potions of heal wounds
Comestibles
 c - 15 rations
 h - 3 chunks of flesh


   Skills:
 + Level 8.9 Fighting
 + Level 7.4 Axes
 + Level 8.4 Armour
 + Level 6.4 Dodging


You had 9 spell levels left.
You didn't know any spells.
Your spell library was empty.

Dungeon Overview and Level Annotations

Branches:
Dungeon (8/15)             Temple (1/1) D:6
   Lair: D:8-11

Altars:
Cheibriados
Fedhas
Gozag
Makhleb
Nemelex Xobeh
Okawaru
Sif Muna
Uskayaw
Vehumet
Wu Jian
Xom

Shops:
D:5 (

Annotations:
D:6 1 runed translucent door, Crazy Yiuf
D:8 Harold


Innate Abilities, Weirdness & Mutations

You are resistant to torment.
((Your stone body is resilient. (AC +7)))
You are immune to poison.
You resist negative energy. (rN+)
((You are resistant to electric shocks. (rElec)))
((You can survive without breathing.))
You are immune to petrification.
You are immune to rotting.


Message History

You are too injured to fight recklessly!
You are too injured to fight recklessly!
A red film seems to cover your vision as you go berserk!
You feel yourself moving faster!
You feel mighty!
You are feeling hungry.
You hit Harold.
Harold is lightly wounded.
Harold closely misses you.
You hit Harold.
Harold is lightly wounded.
You hit Harold.
Harold is moderately wounded.
Harold hits you with a +0 war axe!
* * * LOW HITPOINT WARNING * * *
You bite Harold!
Harold is heavily wounded.
You barely miss Harold.
Harold is heavily wounded.
Harold hits you with a +0 war axe!
You die...

#.# ##....#..# #.#
#.##.#..###### #.#
#.##.#.......# #.#
#.##.#.#####.# #.#
#.##.#.......# #.#
#.##.######### #.#
#.##..........
#.#########.############
#......h@...#
#############


You could see Harold.

Vanquished Creatures
  A two-headed ogre (D:8)
  The ghost of blackflag1 the Skirmisher, a novice MiFi (D:6)
  A shadow (D:8)
  A basilisk (D:8)
  Menkaure (D:5)
  Duvessa (D:6)
  A black bear (D:6)
  An orc warrior (D:6)
  3 ice beasts
  2 sky beasts (D:5)
  A necrophage (D:5)
  A phantom (D:5)
  3 ogres
  3 centaurs
  Blork the orc (D:5)
  5 bullfrogs
  Dowan (D:6)
  3 scorpions
  5 wights (D:6)
  4 crimson imps
  A bullfrog zombie (D:3)
  A jelly (D:5)
  2 hounds (D:7)
  2 orc priests
  2 orc wizards
  2 iguanas
  Ijyb (D:5)
  5 worker ants
  A hound zombie (D:6)
  A hound skeleton (D:6)
  2 worker ant zombies (D:6)
  9 gnolls
  9 adders
  An ooze (D:4)
  An adder skeleton (D:5)
  A dart slug (D:1)
  4 leopard geckos
  29 orcs
  4 ball pythons
  4 bats
  2 giant cockroaches
  8 goblins
  8 hobgoblins
  9 jackals
  2 kobolds (D:1)
  5 quokkas
  6 frilled lizards
  2 leopard gecko skeletons (D:4)
  A quokka zombie (D:4)
  9 rats
174 creatures vanquished.

Vanquished Creatures (others)
  2 withered plants (D:6)
2 creatures vanquished.

Grand Total: 176 creatures vanquished

Notes
Turn   | Place    | Note
-------+----------+-------------------------------------------
     0 | D:1      | Fang the Gargoyle Berserker began the quest for the Orb.
     0 | D:1      | Reached XP level 1. HP: 14/14 MP: 1/1
   159 | D:1      | Reached XP level 2. HP: 16/19 MP: 2/2
   777 | D:1      | Reached ** piety under Trog
   777 | D:1      | Reached XP level 3. HP: 21/23 MP: 3/3
   908 | D:2      | Found a snail-covered altar of Cheibriados.
  1068 | D:2      | Found a faded altar of an unknown god.
  1506 | D:2      | Reached XP level 4. HP: 29/29 MP: 4/4
  1674 | D:2      | Found a burning altar of Makhleb.
  1674 | D:2      | Found a shimmering altar of Xom.
  2067 | D:3      | Found an opulent altar of Gozag.
  2396 | D:3      | Found an ornate altar of the Wu Jian Council.
  2397 | D:3      | Found a sparkling altar of Nemelex Xobeh.
  2664 | D:3      | Found a deep blue altar of Sif Muna.
  2683 | D:3      | Reached XP level 5. HP: 28/33 MP: 5/5
  2760 | D:3      | Noticed a +0 dagger
  2760 | D:3      | Noticed a +0 dagger
  2764 | D:3      | Found a hide-covered altar of Uskayaw.
  3516 | D:4      | Reached XP level 6. HP: 16/39 MP: 6/6
  3857 | D:4      | Found a blossoming altar of Fedhas.
  3865 | D:4      | Reached *** piety under Trog
  4426 | D:5      | Entered Level 5 of the Dungeon
  4426 | D:5      | Noticed a necrophage
  4436 | D:5      | Killed a necrophage
  4441 | D:5      | Noticed a sky beast
  4464 | D:5      | Killed a sky beast
  4464 | D:5      | Reached skill level 5 in Fighting
  4464 | D:5      | Reached XP level 7. HP: 26/44 MP: 7/7
  4494 | D:5      | Noticed Menkaure
  4936 | D:5      | Killed Menkaure
  5025 | D:5      | Reached skill level 5 in Armour
  5218 | D:5      | Reached XP level 8. HP: 34/51 MP: 8/8
  5792 | D:5      | Noticed Blork the orc
  5804 | D:5      | Killed Blork the orc
  5804 | D:5      | Reached skill level 5 in Axes
  5901 | D:5      | Noticed Ijyb
  5916 | D:5      | Killed Ijyb
  5941 | D:5      | Found Ylitapp's Weapon Boutique.
  6572 | D:6      | Found a radiant altar of Vehumet.
  6638 | D:6      | Found a runed translucent door.
  6639 | D:6      | Noticed Crazy Yiuf
  6673 | D:6      | Reached XP level 9. HP: 49/56 MP: 9/9
  6693 | D:6      | Found a runed translucent door.
  6694 | D:6      | Noticed blackflag1's ghost (novice MiFi)
  6721 | D:6      | Reached skill level 5 in Dodging
  7021 | D:6      | Found a staircase to the Ecumenical Temple.
  7162 | D:6      | Noticed Dowan
  7163 | D:6      | Noticed Duvessa
  7174 | D:6      | Killed Duvessa
  7177 | D:6      | Killed Dowan
  7851 | Temple   | Entered the Ecumenical Temple
  7887 | D:6      | Killed blackflag1's ghost
  8051 | D:7      | Identified a scroll of acquirement
  8126 | D:7      | Reached XP level 10. HP: 64/64 MP: 10/10
  8316 | D:8      | Reached **** piety under Trog
  8385 | D:8      | Noticed a two-headed ogre
  8392 | D:8      | Killed a two-headed ogre
  8782 | D:8      | Noticed Harold
  8792 | D:8      | Slain by Harold

Skill      XL: |  1  2  3  4  5  6  7  8  9 10 |
---------------+-------------------------------+-----
Axes           | 3 4 5 6 7 |  7.4
Dodging        | 2 3 4 5 6 |  6.4
Armour         | 3 4 5 6 7 8 |  8.4
Fighting       | 4 5 6 8 |  8.9

Action                   |  1- 3 |  4- 6 |  7- 9 | 10-12 || total
-------------------------+-------+-------+-------+-------++-------
Melee: Hand axe          |   115 |   215 |    72 |       ||   402
       War axe           |       |       |   215 |    52 ||   267
       Unarmed           |       |       |       |     7 ||     7
Invok: Berserk           |       |     5 |     5 |     2 ||    12
       Trog's Hand       |       |       |     2 |       ||     2
  Use: Scroll            |       |       |    19 |     5 ||    24
  Eat: Chunk             |     2 |    13 |    15 |     3 ||    33
       Ration            |       |       |     1 |       ||     1
Armor: Animal skin       |    56 |    74 |    94 |       ||   224
       Plate armour      |       |       |    55 |    40 ||    95
Dodge: Dodged            |   105 |   138 |   213 |    24 ||   480
